 Dungeon Crawl Stone Soup version 0.20.0 (webtiles) character file.

2387 Llamajah the Cleaver (level 9, 0/117 HPs)
             Began as a Hill Orc Fighter on July 31, 2017.
             Was a Follower of Okawaru.
             Succumbed to a killer bee's poison
             ... on level 6 of the Dungeon.
             The game lasted 00:25:48 (8090 turns).

Llamajah the Cleaver (Hill Orc Fighter)             Turns: 8090, Time: 00:25:48

Health: 0/117      AC: 16    Str: 27    XL:     9   Next: 46%
Magic:  9/9        EV:  9    Int:  8    God:    Okawaru [*.....]
Gold:   168        SH:  0    Dex: 10    Spells: 8/8 levels left

rFire    . . .     SeeInvis +   L - +0 battleaxe
rCold    . . .     Gourm    .   (shield currently unavailable)
rNeg     . . .     Faith    .   M - +0 plate armour
rPois    .         Spirit   .   b - +2 hat
rElec    .         Reflect  .   (no cloak)
rCorr    .         Harm     .   (no gloves)
MR       +....                  r - +0 pair of boots
Stlth    ..........             t - amulet of magic regeneration
Regen    0.3/turn               I - ring of protection from magic
MPRegen  0.2/turn               A - ring of see invisible

@: berserking, lethally poisoned (0 -> -9), very quick
A: no striking features
a: Heroism, Renounce Religion


You were on level 6 of the Dungeon.
You worshipped Okawaru.
Okawaru was aware of your devotion.
You were hungry.

You visited 1 branch of the dungeon, and saw 9 of its levels.
You also visited: Sewer.

You collected 392 gold pieces.
You spent 224 gold pieces at shops.

Inventory:

Hand Weapons
 x - a +4 flail of draining
 K - a +0 broad axe
 L - a +0 battleaxe (weapon)
Missiles
 k - 95 arrows
Armour
 b - a +2 hat (worn)
 r - a +0 pair of boots (worn)
 M - a +0 plate armour (worn)
Jewellery
 p - an uncursed ring of protection from cold
 q - an uncursed ring of magical power
 t - an amulet of magic regeneration (around neck)
 v - an uncursed ring of stealth
 A - a ring of see invisible (right hand)
 I - a ring of protection from magic (left hand)
Wands
 w - a wand of iceblast (6/15)
 y - a wand of confusion (16/48)
 C - a wand of iceblast (7/15)
 D - a wand of iceblast (6/15)
Scrolls
 a - a scroll of amnesia {unknown}
 c - a scroll of fear {unknown}
 d - 6 scrolls of teleportation {unknown}
 e - 2 scrolls of blinking {unknown}
 g - 3 scrolls of immolation {unknown}
 h - 2 scrolls of recharging {unknown}
 i - 7 scrolls of identify {unknown}
 m - a scroll of silence {unknown}
 o - 3 scrolls of enchant weapon {unknown}
 s - 4 scrolls of remove curse {unknown}
 E - a scroll of fog {unknown}
Potions
 l - a potion of invisibility {unknown}
 n - a potion of resistance {unknown}
 u - a potion of mutation {unknown}
 H - a potion of flight
Comestibles
 f - 12 bread rations
 G - 2 meat rations


   Skills:
 + Level 6.4 Fighting
 * Level 10.0 Axes
 + Level 6.8 Armour
 * Level 5.7 Dodging
   Level 3.2 Shields


You had 8 spell levels left.
You didn't know any spells.

Dungeon Overview and Level Annotations

Branches:
Dungeon (9/15)             Temple (0/1) D:6
   Lair: D:8-11         Orc: D:9-12

Altars:
Ashenzari
Elyvilon
Okawaru

Shops:
D:4 [   D:6 *

Annotations:
D:6 manpouch's ghost, novice MiFi


Message History

You feel a little less clever now. The killer bee stings you!
* * * LOW HITPOINT WARNING * * *
You are more poisoned.
The killer bee poisons you! The killer bee stings you.
* * * LOW HITPOINT WARNING * * *
It was a potion of berserk rage.
A red film seems to cover your vision as you go berserk!
You feel yourself moving faster!
You feel mighty!
You are feeling hungry.
* * * LOW HITPOINT WARNING * * *
You feel sick. The killer bee closely misses you.
The killer bee stings you but does no damage.
You are too berserk!
You completely miss the killer bee.
* * * LOW HITPOINT WARNING * * *
You feel sick. The killer bee closely misses you.
The killer bee barely misses you.
Your plate armour prevents you from hitting the killer bee.
You die...

#................
#.......#...##...
#.......##.##....
##..).......###...
#........#### ##.#
#........# #.#
#O.......# ####
#y###..### #...
#@# #..# #... #.#
#..# ###...
#.###..## ##.+..>
#.......####..#..(
###........'..#...
#..#...####>.#...
#.###.## ##.###'
#..#..# ##....
##...## ##...


You could see an ogre and a killer bee.

Vanquished Creatures
  A hungry ghost (D:6)
  Edmund (D:4)
  2 orc warriors
  An ogre (D:8)
  A phantom (D:5)
  A big kobold (D:8)
  4 bullfrogs
  A scorpion (D:6)
  2 killer bees (D:7)
  A crimson imp (D:5)
  4 orc priests
  3 hounds
  2 jellies
  15 orc wizards
  A centaur skeleton (D:8)
  5 iguanas
  2 worker ants
  16 adders
  4 shadow imps
  9 oozes
  2 worms (D:2)
  3 dart slugs (D:1)
  18 leopard geckos
  31 orcs
  5 bats
  22 giant cockroaches
  5 goblins
  5 hobgoblins
  6 jackals
  8 quokkas
  9 ball pythons (Sewer)
  11 frilled lizards
  20 kobolds
  2 leopard gecko skeletons
  A leopard gecko zombie (D:7)
  4 rats
228 creatures vanquished.

Vanquished Creatures (others)
  A killer bee (D:7)
  A worker ant (D:5)
  A shadow imp (D:7)
  An orc (D:5)
  2 bats (D:1)
  A giant cockroach (D:5)
  A frilled lizard (D:1)
8 creatures vanquished.

Grand Total: 236 creatures vanquished

Notes
Turn   | Place    | Note
-------+----------+-------------------------------------------
     0 | D:1      | Llamajah the Hill Orc Fighter began the quest for the Orb.
     0 | D:1      | Reached XP level 1. HP: 19/19 MP: 1/1
    14 | D:1      | Reached skill level 3 in Axes
   101 | D:1      | Reached XP level 2. HP: 26/27 MP: 2/2
   374 | D:1      | Reached skill level 1 in Dodging
   374 | D:1      | Reached XP level 3. HP: 28/33 MP: 3/3
   879 | D:2      | Reached XP level 4. HP: 31/40 MP: 4/4
  1053 | D:2      | Reached skill level 4 in Axes
  1384 | D:3      | Found a glowing drain.
  1435 | D:3      | Reached XP level 5. HP: 26/46 MP: 5/5
  1574 | Sewer    | Entered a sewer
  1925 | Sewer    | Reached skill level 5 in Axes
  2291 | Sewer    | Reached XP level 6. HP: 51/53 MP: 6/6
  2684 | D:3      | Reached skill level 6 in Axes
  2694 | D:3      | Reached XP level 7. HP: 30/60 MP: 7/7
  2964 | D:3      | Found a shattered altar of Ashenzari.
  3015 | D:3      | Reached skill level 5 in Armour
  3598 | D:4      | Noticed Edmund
  3626 | D:4      | Killed Edmund
  3626 | D:4      | Reached skill level 5 in Fighting
  3626 | D:4      | Reached skill level 7 in Axes
  4202 | D:4      | Found Jadwinla's Armour Boutique.
  4376 | D:5      | Entered Level 5 of the Dungeon
  4516 | D:5      | Reached XP level 8. HP: 48/68 MP: 8/8
  5032 | D:5      | Reached skill level 8 in Axes
  5154 | D:5      | Found a white marble altar of Elyvilon.
  5155 | D:5      | Found an iron altar of Okawaru.
  5182 | D:5      | Became a worshipper of Warmaster Okawaru
  5421 | D:6      | Noticed manpouch's ghost (novice MiFi)
  5693 | D:6      | Found Ytoil's Assorted Antiques.
  5701 | D:6      | Bought a potion of might for 112 gold pieces
  5701 | D:6      | Bought a broad axe for 112 gold pieces
  5783 | D:6      | Paralysed by fainting for 10 turns
  6547 | D:6      | Reached skill level 9 in Axes
  6554 | D:6      | You fall through a shaft for 3 floors!
  6565 | D:9      | Reached skill level 5 in Dodging
  6584 | D:8      | Reached * piety under Okawaru
  6584 | D:8      | Reached XP level 9. HP: 71/75 MP: 9/9
  7521 | D:6      | Found a staircase to the Ecumenical Temple.
  7696 | D:7      | Noticed a troll
  8054 | D:7      | Reached skill level 10 in Axes
  8087 | D:6      | HP: 2/78 [killer bee (2)]
  8090 | D:6      | Succumbed to a killer bee's poison

Skill      XL: |  1  2  3  4  5  6  7  8  9 |
---------------+----------------------------+-----
Axes           | 3 4 5 6 7 9 10 | 10.0
Dodging        | 1 2 3 5 |  5.7
Fighting       | 4 5 6 |  6.4
Armour         | 4 5 6 |  6.8
Shields        | |  3.2

Action                   |  1- 3 |  4- 6 |  7- 9 || total
-------------------------+-------+-------+-------++-------
Melee: War axe           |   117 |   235 |   318 ||   670
       Battleaxe         |       |       |   192 ||   192
       Broad axe         |       |       |    34 ||    34
Invok: Heroism           |       |       |     1 ||     1
Evoke: Wand              |       |       |     1 ||     1
  Use: Potion            |       |     1 |    10 ||    11
  Eat: Chunk             |       |     7 |    11 ||    18
       Royal jelly       |       |       |     4 ||     4
       Fruit             |       |       |     1 ||     1
Armor: Scale mail        |    46 |   136 |    32 ||   214
       Chain mail        |       |       |   156 ||   156
       Plate armour      |       |       |   193 ||   193
Dodge: Dodged            |    36 |   101 |   190 ||   327
Block: Shield            |    74 |   153 |   148 ||   375
